 Dungeon Crawl Stone Soup version 0.29-a0-1019-g84f7d21838 (webtiles) character file.

Game seed: 12809293623103904694

509 voltaire321 the Stinger (level 6, -3/46 HPs)
             Began as a Demonspawn Venom Mage on Aug 10, 2022.
             Slain by a water moccasin (4 damage)
             ... on level 5 of the Dungeon.
             The game lasted 00:18:36 (5203 turns).

voltaire321 the Stinger (Demonspawn Venom Mage)     Turns: 5203, Time: 00:18:36

Health: -3/46      AC:  6    Str: 14    XL:     6   Next: 98%
Magic:  17/20      EV: 15    Int: 19    God:
Gold:   177        SH:  0    Dex: 13    Spells: 4/11 levels left

rFire   . . .      SeeInvis .   r - +1 spear of Descent {venom, Drain rElec rCorr MP+9}
rCold   + + .      Faith    .   (no shield)
rNeg    . . .      Spirit   .   v - +1 robe {rC+}
rPois   .          Reflect  .   f - +1 helmet
rElec   +          Harm     .   (no cloak)
rCorr   +          Rampage  .   w - +0 pair of gloves "Xetewn" {rC+ Str+6}
Will    .....                   (no boots)
Stlth   ++........              (no amulet)
HPRegen 0.15/turn               (no ring)
MPRegen 0.17/turn               (no ring)

@: mighty, about to teleport
A: hooves 1, repulsion field 1, foul stench 1, powered by pain 2
a: no special abilities


You were on level 5 of the Dungeon.
You visited 1 branch of the dungeon, and saw 5 of its levels.

You collected 177 gold pieces.

Inventory:

Hand Weapons
 m - a +1 short sword of protection
 p - a +2 vampiric short sword
 r - the +1 spear of Descent (weapon) {venom, Drain rElec rCorr MP+9}
   (You found it on level 3 of the Dungeon)

   It poisons the flesh of those it strikes.
   rElec:     It insulates you from electricity.
   MP:        It affects your magic capacity (+9).
   rCorr:     It protects you from acid and corrosion.
   Drain:     It drains your maximum health when unequipped.
Armour
 f - a +1 helmet (worn)
 v - a +1 robe of cold resistance (worn)
 w - the +0 pair of gloves "Xetewn" (worn) {rC+ Str+6}
   (You found it on level 4 of the Dungeon)

   Str:       It affects your strength (+6).
   rC:        It protects you from cold.
Magical Staves
 t - a staff of poison
Wands
 d - a wand of polymorph (12)
Scrolls
 c - a scroll of identify
 h - 2 scrolls of teleportation
 o - a scroll of fear
Potions
 a - a potion of haste
 b - a potion of magic
 e - 2 potions of brilliance
 g - 2 potions of curing
 i - a potion of mutation {unknown}
 j - a potion of ambrosia {unknown}
 l - a potion of cancellation {unknown}
 n - 3 potions of might
 q - 3 potions of heal wounds
 z - a potion of flight
 A - a potion of lignification {unknown}


   Skills:
 + Level 2.6 Fighting
 + Level 1.7 Armour
 + Level 3.2 Dodging
 - Level 1.7 Stealth
 + Level 3.4 Spellcasting
 - Level 2.0 Transmutations
 - Level 2.0 Air Magic
 + Level 4.2 Poison Magic


You had 4 spell levels left.
You knew the following spells:

 Your Spells              Type           Power      Damage    Failure   Level
a - Sting                 Tmut/Pois      60%        1d6       4%          1
b - Poisonous Vapours     Pois/Air       30%        N/A       6%          2
c - Olgreb's Toxic Radia  Pois           19%        N/A       26%         4

Your spell library contained the following spells:

 Spells                   Type           Power      Damage    Failure   Level
 Mephitic Cloud           Conj/Pois/Air  11%        N/A       19%         3
 Frozen Ramparts          Ice            6%         1d1       41%         3
 Ice Form                 Ice/Tmut       7%         N/A       67%         4
 Summon Ice Beast         Ice/Summ       3%         N/A       82%         4


Dungeon Overview and Level Annotations

Branches:
Dungeon (5/15)
 Temple: D:4-7

Altars:
Gozag
Okawaru


Innate Abilities, Weirdness & Mutations

You have large cloven feet.
You are surrounded by a mild repulsion field. (EV +2)
You may rarely emit foul miasma when damaged in melee.
You sometimes gain power by taking damage.


Message History

Pikel hits you with a +0 whip of freezing!
Pikel freezes you.
You completely miss Pikel.
Pikel is heavily wounded.
Pikel closely misses you. Pikel misses you.
You miss Pikel.
Pikel is severely wounded.
Pikel hits you with a +0 whip of freezing!
Pikel freezes you.
You hit Pikel but do no damage.
Pikel looks as sick as possible!
Your kick misses Pikel.
Pikel is severely wounded.
Pikel hits you with a +0 whip of freezing!
You focus on the pain.
You feel very mighty all of a sudden. Pikel freezes you.
* * * LOW HITPOINT WARNING * * *
Casting: Poisonous Vapours (safe; 6% risk of failure)
Confirm with . or Enter, or press ? or * to list all spells.
Aiming: Poisonous Vapours (safe; 6% risk of failure)
Press: ? - help, Dir - move target, f/p - Pikel
Aim: Pikel, wielding a +0 whip of freezing and wearing a +0 robe (severely wounded, extremely poisoned) Poisonous vapours surround Pikel!
Pikel looks as sick as possible!
Pikel hits you with a +0 whip of freezing.
* * * LOW HITPOINT WARNING * * *
You emit a cloud of foul miasma!
Pikel is engulfed in dark miasma.
Pikel looks as sick as possible!
Pikel attacks as you move away!
Pikel hits you with a +0 whip of freezing.
* * * LOW HITPOINT WARNING * * *
As you read the scroll of teleportation, it crumbles to dust.
You feel strangely unstable. The water moccasin bites you!
* * * LOW HITPOINT WARNING * * *
Pikel hits you but does no damage.
The water moccasin attacks as you move away!
The water moccasin barely misses you.
You kill Pikel!
With Pikel's spell broken, his former minions thank you for their freedom.
The lemure departs this earthly plane. x4; The water moccasin bites you.
You die...

############ ####### #..........#
#.....# #..........# #####.....#
#..........#####...'.....#
#............#.).###°....#
####............@S.§.§§#..#######
.(..............#.§.##.#.####....
................#......#.5..5....
......#########......###S##.#.##.
......# #....#....#......5.##.
......# #.#.##....#..###......
......# #.......#....##.#...5.
..############.###.#.##...5......
..# #........#....#####K......


You could see a water moccasin.

Vanquished Creatures
  Pikel (D:5)
  2 scorpions (D:5)
  3 hounds
  A jelly (D:4)
  2 orc priests (D:5)
  3 orc wizards (D:5)
  6 adders
  A worm (D:2)
  2 dart slugs
  8 orcs
  8 ball pythons
  4 endoplasms
  2 giant cockroaches
  6 goblins
  8 hobgoblins
  8 jackals
  3 quokkas
  3 bats
  3 frilled lizards
  10 kobolds
  4 rats
88 creatures vanquished.

Notes
Turn   | Place    | Note
-------+----------+-------------------------------------------
     0 | D:1      | voltaire321 the Demonspawn Venom Mage began the quest for
                  | the Orb.
     0 | D:1      | Reached XP level 1. HP: 13/13 MP: 3/3
    24 | D:1      | Reached skill level 1 in Transmutations
   286 | D:1      | Gained mutation: You sometimes gain a little power by
                  | taking damage. [demonic ancestry]
   286 | D:1      | Reached XP level 2. HP: 20/20 MP: 3/5
   982 | D:1      | Reached skill level 1 in Fighting
   982 | D:1      | Gained mutation: You sometimes gain power by taking damage.
                  | [demonic ancestry]
   982 | D:1      | Reached XP level 3. HP: 23/26 MP: 2/6
  1346 | D:2      | Found an opulent altar of Gozag.
  1651 | D:2      | Noticed a great orb of eyes
  1652 | D:2      | Found a faded altar of an unknown god.
  1654 | D:2      | Noticed an eye of devastation
  1660 | D:2      | Noticed a golden eye
  1660 | D:2      | Noticed a floating eye
  1845 | D:2      | Learned a level 2 spell: Poisonous Vapours
  2032 | D:3      | Gained mutation: You may rarely emit foul miasma when
                  | damaged in melee. [demonic ancestry]
  2032 | D:3      | Reached XP level 4. HP: 22/32 MP: 5/7
  2432 | D:3      | Identified the +1 spear of Descent {venom, Drain rElec
                  | rCorr MP+9}
  2559 | D:3      | Found an iron altar of Okawaru.
  2935 | D:4      | Gained mutation: You have large cloven feet. [demonic
                  | ancestry]
  2935 | D:4      | Reached XP level 5. HP: 4/38 MP: 9/9
  3413 | D:4      | Identified the +0 pair of gloves "Xetewn" {rC+ Str+6}
  3474 | D:4      | Reached skill level 1 in Air Magic
  3727 | D:5      | Entered Level 5 of the Dungeon
  4399 | D:5      | Reached skill level 1 in Armour
  4399 | D:5      | Gained mutation: You are surrounded by a mild repulsion
                  | field. (EV +2) [demonic ancestry]
  4399 | D:5      | Reached XP level 6. HP: 36/44 MP: 10/10
  4406 | D:5      | Reached skill level 4 in Poison Magic
  4660 | D:5      | Noticed Pikel
  4930 | D:5      | Learned a level 4 spell: Olgreb's Toxic Radiance
  5185 | D:5      | Noticed a water moccasin
  5202 | D:5      | HP: 1/46 [water moccasin (7)]
  5203 | D:5      | Killed Pikel
  5203 | D:5      | Slain by a water moccasin

Illustrated notes

Levels and vault maps discovered:
D:1:      dpeg_arrival_brainrot, layout_basic
D:2:      layout_basic, hellmonk_ecumenical_altar_watching_god, basic_altar
D:3:      layout_basic, mainiacjoe_overflow_chevrons
D:4:      layout_loops_cross
D:5:      layout_basic, amcnicky_mini_corridor_feature, uniq_pikel

Skill      XL: |  1  2  3  4  5  6 |
---------------+-------------------+-----
Transmutations | 1 2 |  2.0
Dodging        | 2 3 |  3.2
Fighting       | 1 2 |  2.6
Air Magic      | 1 2 |  2.0
Armour         | 1 |  1.7
Spellcasting   | 3 |  3.4
Poison Magic   | 4 |  4.2
Stealth        | |  1.7

Action                   |  1- 3 |  4- 6 || total
-------------------------+-------+-------++-------
Melee: Dagger            |    78 |       ||    78
       Short sword       |    19 |     6 ||    25
       Punch             |     1 |       ||     1
       Spear             |       |    71 ||    71
       Kick              |       |    13 ||    13
 Cast: Sting             |    43 |    48 ||    91
       Poisonous Vapours |       |    21 ||    21
  Use: Scroll            |       |    17 ||    17
 Stab: Sleeping          |     5 |       ||     5
Armor: Robe              |    14 |    32 ||    46
Dodge: Dodged            |    59 |    53 ||   112

Table legend: (Time is in decaauts)
 A = Elapsed time spent in this place.
 B = Non-inter-level travel time spent in this place.
 C = Inter-level travel time spent in this place.
 D = Time resting spent in this place.
 E = Time spent auto-exploring this place.
 F = Levels seen in this place.
 G = Mean time per level.
                   A        B        C        D        E       F      G
               +--------+--------+--------+--------+--------+-----+--------+
         Total |   5210 |   5114 |     96 |   1570 |   2605 |   5 | 1042.0 |
       Dungeon |   5210 |   5114 |     96 |   1570 |   2605 |   5 | 1042.0 |
               +--------+--------+--------+--------+--------+-----+--------+

Top non-repeatable levels by time:
     D:5: 1443 daAuts
     D:1: 1254 daAuts
     D:4: 1012 daAuts
     D:3: 773 daAuts
     D:2: 726 daAuts
